 Dungeon Crawl Stone Soup version 0.31.0-7-gf635a9b802 (webtiles) character file.

Game seed: 10045760112671095249

7 JustSomeDude the Covert (level 2, 0/29 HPs)
             Began as a Gnoll Delver on Jan 24, 2024.
             Slain by Robin
             ... wielding a +0 club
              (2 damage)
             ... on level 3 of the Dungeon.
             The game lasted 00:02:05 (125 turns).

JustSomeDude the Covert (Gnoll Delver)               Turns: 125, Time: 00:02:06

Health: 0/29       AC:  3    Str: 11    XL:     2   Next: 0%
Magic:  2/2        EV: 13    Int:  9    God:
Gold:   5          SH:  0    Dex: 13    Spells: 1/1 levels left

rFire   . . .        a - +0 falchion
rCold   . . .        (no shield)
rNeg    . . .        b - +0 leather armour
rPois   .            (no helmet)
rElec   .            (no cloak)
rCorr   .            (no gloves)
SInv    .            (no boots)
Will    .....        (no amulet)
Stlth   ++++         (no ring)
HPRegen 0.24/turn    (no ring)
MPRegen 0.08/turn

%: no passive effects
@: hasted, very quick
A: fangs 1, strong nose, distributed training
a: no special abilities


You were on level 3 of the Dungeon.
You visited 2 branches of the dungeon, and saw 4 of its levels.

You collected 5 gold pieces.

Inventory:

Hand Weapons
 a - a +0 falchion (weapon)
Armour
 b - a +0 leather armour (worn)
Jewellery
 h - a ring of flight
Wands
 g - a wand of digging (3)
Scrolls
 c - a scroll of fog
 d - a scroll of revelation
 e - a scroll of fear


   Skills:
 + Level 6.4 Fighting
 + Level 0.2 Short Blades
 + Level 4.4 Long Blades
 + Level 0.2 Axes
 + Level 0.2 Maces & Flails
 + Level 0.2 Polearms
 + Level 0.2 Staves
 + Level 0.2 Ranged Weapons
 + Level 0.2 Throwing
 + Level 0.2 Armour
 + Level 4.4 Dodging
 + Level 9.5 Stealth
 + Level 0.2 Shields
 + Level 0.2 Unarmed Combat
 + Level 0.2 Spellcasting
 + Level 0.1 Conjurations
 + Level 0.1 Hexes
 + Level 0.1 Summonings
 + Level 0.1 Necromancy
 + Level 0.1 Translocations
 + Level 0.1 Fire Magic
 + Level 0.1 Ice Magic
 + Level 0.1 Air Magic
 + Level 0.1 Earth Magic
 + Level 0.1 Alchemy
 + Level 0.3 Invocations
 + Level 0.2 Evocations
 + Level 0.2 Shapeshifting


You had one spell level left.
You didn't know any spells.
Your spell library was empty.

Dungeon Overview and Level Annotations

Branches:
Dungeon (5/15)             Temple (1/1) D:4

Altars:
Ashenzari
Hepliaklqana
Kikubaaqudgha
Makhleb
Qazlal
Ru
Trog
Vehumet
Wu Jian
Xom
Yredelemnul
Zin

Annotations:
D:3 Robin


Innate Abilities, Weirdness & Mutations

You have very sharp teeth.
Your uncanny sense of smell can sniff out nearby items.
Your experience applies equally to all skills.


Message History

The ball python grabs you. The ball python constricts you.
Robin throws the goblin at you!
You hit the ball python but do no damage.
The goblin hits you but does no damage.
The ball python bites you but does no damage.
The ball python constricts you.
Robin roars a battlecry!
The goblins go into a battle-frenzy!
You hit the ball python.
The ball python is severely wounded.
The ball python bites you. The ball python constricts you.
The goblin barely misses you.
You hit the ball python.
You kill the ball python!
The goblin hits you with a +0 club.
You are too injured to fight recklessly!
You are too injured to fight recklessly!
You are too injured to fight recklessly!
You are too injured to fight recklessly!
You are too injured to fight recklessly!
You are too injured to fight recklessly!
You are too injured to fight recklessly!
You are too injured to fight recklessly!
You feel yourself speed up. The goblin hits you with a +0 club.
* * * LOW HITPOINT WARNING * * *
The goblin hits you but does no damage.
You hit the goblin.
You kill the goblin!
The goblin hits you with a +0 club.
* * * LOW HITPOINT WARNING * * *
You have reached level 2!
You closely miss the goblin. You hit Robin. You bite Robin, but do no damage.
Robin is moderately wounded.
The goblin barely misses you. Robin misses you.
You barely miss Robin.
Robin is moderately wounded.
The goblin completely misses you. Robin hits you with a +0 club.
You die...
Robin calls out, "Let's celebrate!
Time for a feast!"

##~.!. g
~~~.. ~. ~g..
~.. .g. .. ..
#.#.
#.gr#########
#rg@g......
#.#########
#. #. #. #.
#. #.


You could see Robin, 2 goblins and 2 rats.

Vanquished Creatures
  A ball python (D:3)
  5 goblins (D:3)
6 creatures vanquished.

Notes
Turn   | Place    | Note
-------+----------+-------------------------------------------
     0 | D:5      | Reached skill level 9 in Stealth
     0 | D:5      | JustSomeDude the Gnoll Delver began the quest for the Orb.
     0 | D:5      | Reached XP level 1. HP: 23/23 MP: 1/1
    13 | D:4      | Found a staircase to the Ecumenical Temple.
    22 | Temple   | Entered the Ecumenical Temple
    90 | D:4      | Noticed an orc priest
    96 | D:3      | Noticed Robin
   122 | D:3      | HP: 1/23 [goblin/+0 club[Robin] (3)]
   123 | D:3      | Reached XP level 2. HP: 1/29 MP: 2/2
   125 | D:3      | Slain by Robin

Illustrated notes

Levels and vault maps discovered:
D:3:      layout_loops_ring, nicolae_dithmenos_the_darkroom,
          portal_sewer_entry_e, chequers_ecumenical_altar_twisty, uniq_ijyb,
          uniq_robin
D:4:      minmay_recursive_quarters, layout_basic, minmay_temple_entry_slanted,
          uniq_sigmund
D:5:      layout_cave_pools, lemuel_flamethrower_2
Temple:   nicolae_temple_slightly_damp_pantheon

Skill      XL: | |
---------------+-+-----
Stealth        | |  9.5
Fighting       | |  6.4
Short Blades   | |  0.2
Long Blades    | |  4.4
Axes           | |  0.2
Maces & Flails | |  0.2
Polearms       | |  0.2
Staves         | |  0.2
Ranged Weapons | |  0.2
Throwing       | |  0.2
Armour         | |  0.2
Dodging        | |  4.4
Shields        | |  0.2
Unarmed Combat | |  0.2
Spellcasting   | |  0.2
Conjurations   | |  0.1
Hexes          | |  0.1
Summonings     | |  0.1
Necromancy     | |  0.1
Translocations | |  0.1
Fire Magic     | |  0.1
Ice Magic      | |  0.1
Air Magic      | |  0.1
Earth Magic    | |  0.1
Alchemy        | |  0.1
Invocations    | |  0.3
Evocations     | |  0.2
Shapeshifting  | |  0.2

Action                     || total
---------------------------++-------
  Melee: Falchion          ||    24
         Bite              ||     3
    Use: Potion            ||     1
 Armour: Leather armour    ||    19
  Dodge: Dodged            ||     9
